 Dungeon Crawl Stone Soup version 0.30-a0-596-g0af90f9a20 (webtiles) character file.

Game seed: 12396638607558588109

252 gelatine the Chopper (level 5, 0/41 HPs)
             Began as a Demonspawn Gladiator on Jan 6, 2023.
             Slain by Pikel
             ... wielding a +2 whip of freezing
              (5 damage)
             ... on level 4 of the Dungeon on Jan 7, 2023.
             The game lasted 00:06:45 (2199 turns).

gelatine the Chopper (Demonspawn Gladiator)         Turns: 2199, Time: 00:06:46

Health: 0/41       AC:  7    Str: 17    XL:     5   Next: 89%
Magic:  5/5        EV: 13    Int:  9    God:
Gold:   124        SH:  0    Dex: 14    Spells: 4/4 levels left

rFire   . . .      SeeInvis .    a - +0 war axe
rCold   . . .      Faith    .    (no shield)
rNeg    . . .      Spirit   .    b - +0 leather armour
rPois   .          Reflect  .    u - +1 helmet
rElec   .          Harm     .    (no cloak)
rCorr   .          Rampage  .    h - +1 pair of gloves
Will    .....                    (no boots)
Stlth   +                        (no amulet)
HPRegen 0.26/turn                (no ring)
MPRegen 0.09/turn                (no ring)

@: lethally poisoned (0 -> -5), hasted, very quick
A: demonic magic 1, demonic touch 2
a: no special abilities


You were on level 4 of the Dungeon.
You visited 1 branch of the dungeon, and saw 4 of its levels.

You collected 124 gold pieces.

Inventory:

Hand Weapons
 a - a +0 war axe (weapon)
Missiles
 q - 4 poisoned darts (quivered)
Armour
 b - a +0 leather armour (worn)
 f - the +2 tower shield "Xuypneuw" {Str+7 Int+4 Dex-5 Stlth+}
   (You found it on level 3 of the Dungeon)

   Str:       It affects your strength (+7).
   Int:       It affects your intelligence (+4).
   Dex:       It affects your dexterity (-5).
   Stlth:     It makes you more stealthy.
 h - a +1 pair of gloves (worn)
 u - a +1 helmet (worn)
Scrolls
 c - a scroll of fear {unknown}
 i - a scroll of vulnerability {unknown}
 o - a scroll of noise {unknown}
 s - a scroll of enchant armour {unknown}
 t - a scroll of identify
 v - 2 scrolls of fog {unknown}
 w - a scroll of poison {unknown}
Potions
 g - 2 potions of flight
 j - a potion of lignification
 k - a potion of curing
 l - a potion of haste
 m - 4 potions of brilliance
 n - a potion of berserk rage
 p - a potion of cancellation
 r - a potion of mutation


   Skills:
 * Level 3.2 Fighting
 * Level 4.3 Axes
 + Level 1.9 Throwing
 * Level 1.8 Armour
 * Level 3.6 Dodging
 + Level 0.2 Stealth


You had 4 spell levels left.
You didn't know any spells.
Your spell library contained the following spells:

 Spells                   Type           Power      Damage    Failure   Level
 Apportation              Tloc           0%         N/A       43%         1
 Necrotise                Necr           0%         1d4       43%         1
 Sandblast                Erth           0%         2d4       43%         1
 Summon Small Mammal      Summ           0%         N/A       43%         1
 Ensorcelled Hibernation  Hex/Ice        0%         N/A       58%         2
 Passwall                 Tmut/Erth      0%         N/A       58%         2
 Stone Arrow              Conj/Erth      0%         3d7       82%         3
 Swiftness                Air            0%         N/A       82%         3


Dungeon Overview and Level Annotations

Branches:
Dungeon (4/15)
 Temple: D:4-7

Altars:

Shops:
D:2 !   D:4 !

Annotations:
D:4 Duvessa, Pikel


Innate Abilities, Weirdness & Mutations

Spells you cast may paralyse adjacent enemies.
Your touch may inflict irresistible damage on your foes.


Message History

You feel yourself speed up.
The lemure shouts!
The lemure hits you. The lemure barely misses you. The adder bites you.
The lemure completely misses you. The lemure hits you.
You slash Pikel!
Pikel is moderately wounded.
You hit the lemure but do no damage. You slash the adder! You hit the lemure.
The adder bites you.
You are poisoned.
The adder poisons you! The lemure closely misses you.
Pikel hits you but does no damage.
You barely miss Pikel.
You touch Pikel!
Pikel is heavily wounded.
You barely miss the lemure. You closely miss the lemure.
You closely miss the adder.
You feel sick. The adder bites you.
You are more poisoned.
The adder poisons you! The lemure barely misses you. Pikel closely misses you.
The lemure hits you but does no damage.
You completely miss Pikel.
Pikel is heavily wounded.
You closely miss the lemure. x2; You completely miss the adder.
You barely miss the lemure.
You feel very sick. The adder misses you. The lemure misses you.
The lemure closely misses you. Pikel barely misses you.
The lemure hits you but does no damage.
You barely miss Pikel.
Pikel is heavily wounded.
You closely miss the lemure. You hit the adder.
You kill the adder!
You closely miss the lemure. x2; You feel sick.
You hit Pikel. Your touch misses Pikel.
Pikel is severely wounded.
You barely miss the lemure. x2; You closely miss the lemure.
You feel sick. The lemure hits you!
* * * LOW HITPOINT WARNING * * *
The lemure hits you.
* * * LOW HITPOINT WARNING * * *
The lemure closely misses you.
Pikel hits you with a +2 whip of freezing.
You die...

.# ##########.#
##.................###
...#...........<.....#
...#...............###
.$...............∩...#
#...............5..###
...............55K##
................@5#
#...<.# .##....†###
#.....# ###....
##e#### #.....# #.
##..(.# . #..### #.
... ! .... .


You could see Pikel and 4 lemures.

Vanquished Creatures
  A gnoll bouda (D:3)
  Robin (D:3)
  6 adders
  5 gnolls
  2 worms
  3 dart slugs
  5 bats
  5 endoplasms
  3 giant cockroaches
  24 goblins
  12 hobgoblins
  2 jackals (D:2)
  9 kobolds
  2 quokkas
  5 ball pythons
  3 frilled lizards
  7 rats
95 creatures vanquished.

Notes
Turn   | Place    | Note
-------+----------+-------------------------------------------
     0 | D:1      | gelatine the Demonspawn Gladiator began the quest for the
                  | Orb.
     0 | D:1      | Reached XP level 1. HP: 16/16 MP: 1/1
   155 | D:1      | Gained mutation: Your touch may inflict minor irresistible
                  | damage on your foes. [demonic ancestry]
   155 | D:1      | Reached XP level 2. HP: 22/22 MP: 2/2
   364 | D:1      | Reached skill level 3 in Axes
   364 | D:1      | Reached XP level 3. HP: 18/28 MP: 3/3
   901 | D:2      | Found Usyrimm's Distillery.
  1017 | D:2      | Gained mutation: Spells you cast may paralyse adjacent
                  | enemies. [demonic ancestry]
  1017 | D:2      | Reached XP level 4. HP: 34/34 MP: 4/4
  1551 | D:3      | Reached skill level 1 in Armour
  1650 | D:3      | Gained mutation: Your touch may inflict irresistible damage
                  | on your foes. [demonic ancestry]
  1650 | D:3      | Reached XP level 5. HP: 34/41 MP: 5/5
  1651 | D:3      | Reached skill level 4 in Axes
  1668 | D:3      | Noticed Robin
  1674 | D:3      | Killed Robin
  1887 | D:3      | Identified the +2 tower shield "Xuypneuw" {Str+7 Int+4
                  | Dex-5 Stlth+}
  2111 | D:4      | Noticed Duvessa
  2178 | D:4      | Found Lateur's Distillery.
  2182 | D:4      | Noticed a lemure
  2182 | D:4      | Noticed a lemure
  2185 | D:4      | Noticed a lemure
  2189 | D:4      | Noticed Pikel
  2192 | D:4      | Noticed a lemure
  2199 | D:4      | Slain by Pikel

Illustrated notes

Levels and vault maps discovered:
D:1:      ncdulo_lavacross, layout_loops_corners
D:2:      layout_rooms, serial_shops, shop, minmay_fractal_squares_5
D:3:      layout_basic, serial_glass, glass_columns_a, glass_columns_a,
          uniq_robin
D:4:      layout_cave_pools, elyvilon_altar_3, minmay_temple_entry_grid,
          serial_shops, shop, st_stairs_1, uniq_edmund, uniq_pikel,
          uniq_duvessa, uniq_sigmund

Skill      XL: |  1  2  3  4  5 |
---------------+----------------+-----
Dodging        | 3 |  3.6
Axes           | 3 4 |  4.3
Armour         | 1 |  1.8
Fighting       | 3 |  3.2
Throwing       | |  1.9
Stealth        | |  0.2

Action                   |  1- 3 |  4- 6 || total
-------------------------+-------+-------++-------
Melee: War axe           |    83 |   111 ||   194
       Touch             |    14 |    20 ||    34
       Punch             |     1 |       ||     1
Throw: Throwing net      |       |     3 ||     3
       Javelin           |       |     1 ||     1
  Use: Scroll            |       |     6 ||     6
       Potion            |       |     4 ||     4
 Stab: Sleeping          |       |     1 ||     1
Armor: Leather armour    |    35 |    56 ||    91
Dodge: Dodged            |    52 |    94 ||   146

Table legend: (Time is in decaauts)
 A = Elapsed time spent in this place.
 B = Non-inter-level travel time spent in this place.
 C = Inter-level travel time spent in this place.
 D = Time resting spent in this place.
 E = Time spent auto-exploring this place.
 F = Levels seen in this place.
 G = Mean time per level.
                   A        B        C        D        E       F      G
               +--------+--------+--------+--------+--------+-----+--------+
         Total |   2260 |   2180 |     80 |      0 |   1569 |   4 |  565.0 |
       Dungeon |   2260 |   2180 |     80 |      0 |   1569 |   4 |  565.0 |
               +--------+--------+--------+--------+--------+-----+--------+

Top non-repeatable levels by time:
     D:1: 900 daAuts
     D:2: 667 daAuts
     D:3: 667 daAuts
     D:4: 25 daAuts
